[Event "Titled Tuesday Blitz April 25 Early 2023"]
[White "Arat, Ufuk Sezen"]
[Black "Seo, Jung Min"]
[WhiteFideId "6309089"]
[BlackFideId "1734687"]
[WhiteElo "2289"]
[BlackElo "2468"]
[Result "1-0"]
[Round "09"]
[TimeControl "180+2"]
[Date "2023.04.25"]
[WhiteClock "0:02:21"]
[BlackClock "0:02:04"]

1. e4 e5 2. Nf3 Nc6 3. c3 Nf6 4. d4 Nxe4 5. d5 Ne7 6. Nxe5 Ng6 7. Nxg6 hxg6 8. Nd2 Nxd2 9. Bxd2 Bc5 10. Bd3 d6 11. Qf3 Qe7+ 12. Kf1 Qf6 13. Re1+ Kf8 14. Qxf6 gxf6 15. b4 Bb6 16. h4 a5 17. b5 Bd7 18. c4 Bc5 19. Bc3 Bb4 20. Bxf6 Bxe1 21. Bxh8 Bb4 22. Bf6 c6 23. h5 1-0


[Site "https://www.chess.com"]

[Event "Titled Tuesday Blitz April 25 Early 2023"]
[White "Bochnicka, Vladimir"]
[Black "Kim, Sergey"]
[WhiteFideId "14943450"]
[BlackFideId "13700570"]
[WhiteElo "2094"]
[BlackElo "2655"]
[Result "1/2-1/2"]
[Round "09"]
[TimeControl "180+2"]
[Date "2023.04.25"]
[WhiteClock "0:00:05"]
[BlackClock "0:00:12"]

1. e4 e5 2. Nf3 Nc6 3. Bc4 Bc5 4. c3 Nf6 5. d3 d6 6. Nbd2 a6 7. Bb3 Ba7 8. Nf1 Be6 9. Ng3 h6 10. O-O O-O 11. h3 Re8 12. Re1 Ne7 13. Nh4 Ng6 14. Nhf5 Kh7 15. Nh5 Nxh5 16. Qxh5 Nf4 17. Bxf4 exf4 18. d4 Qg5 19. Qxg5 hxg5 20. Bc2 g6 21. d5 Bd7 22. Nd4 Kg7 23. Rad1 g4 24. hxg4 Bxg4 25. f3 Bd7 26. Kf2 Rh8 27. Rh1 Kf6 28. b4 Ke5 29. Rxh8 Rxh8 30. Kg1 c5 31. dxc6 bxc6 32. g3 fxg3 33. Kg2 Rh3 34. Nxc6+ Bxc6 35. Kxh3 Bf2 36. Kg2 Bb5 37. Bb3 Kf4 38. c4 Bd7 39. Rxd6 Be6 40. c5 a5 41. bxa5 Bxc5 42. Rd8 Be7 43. Re8 Bb4 44. Bxe6 fxe6 45. Rxe6 Bxa5 46. Rxg6 Bc7 47. Rxg3 Ke3 48. Rg7 Be5 49. a4 Bxg7 50. a5 Kf4 51. a6 Bd4 52. Kh3 Kg5 53. e5 Kf5 54. f4 Ba7 55. Kg3 Bb8 56. Kf3 Ba7 57. Kg3 Bb8 58. Kf3 Ba7 59. e6 Kxe6 60. Ke4 Kf6 61. Kd5 Kf5 62. Kc6 Kxf4 63. Kb7 Bd4 64. a7 Bxa7 1/2-1/2


[Site "https://www.chess.com"]

[Event "Titled Tuesday Blitz April 25 Early 2023"]
[White "Mrudul Dehankar"]
[Black "Kosakowski, Jakub"]
[WhiteFideId "25096990"]
[BlackFideId "1185080"]
[WhiteElo "2139"]
[BlackElo "2488"]
[Result "0-1"]
[Round "09"]
[TimeControl "180+2"]
[Date "2023.04.25"]
[WhiteClock "0:00:02"]
[BlackClock "0:00:53"]

1. e4 c5 2. Nf3 d6 3. d4 cxd4 4. Nxd4 Nf6 5. Nc3 a6 6. Bg5 e6 7. f4 h6 8. Bh4 Qb6 9. a3 Nbd7 10. Bf2 Qc7 11. Qf3 b5 12. O-O-O Bb7 13. g4 g5 14. Qh3 Rg8 15. f5 e5 16. Nf3 Nxe4 17. Nxe4 Bxe4 18. Bd3 Bxd3 19. Rxd3 Rc8 20. Rc3 Qb7 21. Rxc8+ Qxc8 22. Re1 Qc4 23. Nd2 Qc6 24. Ne4 d5 25. Qc3 Qc4 26. Nf6+ Nxf6 27. Qxe5+ Kd7 28. Qxf6 Rg7 29. Bd4 b4 30. Qe5 bxa3 31. b3 Qb4 32. Qe8+ Kc7 33. Be5+ Bd6 34. Bxg7 a2 35. Bb2 Bf4+ 0-1


[Site "https://www.chess.com"]

[Event "Titled Tuesday Blitz April 25 Early 2023"]
[White "Bodnaruk, Anastasia"]
[Black "Hambleton, Aman"]
[WhiteFideId "4181751"]
[BlackFideId "2606577"]
[WhiteElo "2310"]
[BlackElo "2511"]
[Result "1-0"]
[Round "09"]
[TimeControl "180+2"]
[Date "2023.04.25"]
[WhiteClock "0:00:12"]
[BlackClock "0:00:01"]

1. e4 b6 2. d4 Bb7 3. Nc3 e6 4. f4 Bb4 5. Bd3 f5 6. Qe2 Nf6 7. e5 Ne4 8. Bxe4 Bxc3+ 9. bxc3 Bxe4 10. Nf3 O-O 11. c4 Nc6 12. c3 h6 13. Nd2 Qh4+ 14. g3 Qh3 15. Nxe4 fxe4 16. Qxe4 Na5 17. Qe2 Rf5 18. Be3 g5 19. Kd2 Raf8 20. Rag1 Kh7 21. Kc2 R5f7 22. Kb2 Qf5 23. Bc1 g4 24. h3 Rg8 25. hxg4 Rxg4 26. Rh3 Rfg7 27. Bd2 R7g6 28. Ka1 Qc2 29. f5 Qxf5 30. Rgh1 Rxg3 31. Rxh6+ Rxh6 32. Rxh6+ Kg7 33. Qh2 Qd3 34. Rf6 Rg6 35. Bh6+ Kg8 36. Rf8+ Kh7 37. Bg5+ Rh6 38. Qxh6# 1-0


[Site "https://www.chess.com"]

[Event "Titled Tuesday Blitz April 25 Early 2023"]
[White "Csonka, Balazs"]
[Black "Dzagnidze, Nana"]
[WhiteFideId "742910"]
[BlackFideId "13601903"]
[WhiteElo "2404"]
[BlackElo "2406"]
[Result "0-1"]
[Round "09"]
[TimeControl "180+2"]
[Date "2023.04.25"]
[WhiteClock "0:00:01"]
[BlackClock "0:00:03"]

1. e4 c5 2. Nf3 d6 3. d4 cxd4 4. Nxd4 Nf6 5. Nc3 a6 6. h3 e5 7. Nb3 h5 8. Be3 Be6 9. Qf3 Nbd7 10. O-O-O Rc8 11. Nd5 Bxd5 12. exd5 Be7 13. Kb1 b5 14. Bd3 h4 15. Bd2 e4 16. Bxe4 Ne5 17. Qe2 Nxe4 18. Qxe4 O-O 19. Nd4 Bf6 20. Nc6 Nxc6 21. dxc6 d5 22. Qf5 Re8 23. Bf4 Rxc6 24. Rxd5 Qe7 25. Be3 Qb4 26. Bc1 Re2 27. Rhd1 g6 28. Qd3 Rcxc2 29. Qxc2 Rxc2 30. Kxc2 Qe4+ 31. R1d3 Qxg2 32. Rd6 Qxf2+ 33. Bd2 Qc5+ 34. Kb1 Qf5 35. Kc2 Kg7 36. Rxa6 Qe5 37. Bc3 Qe2+ 38. Bd2 Qe4 39. Rd6 g5 40. b3 Qf5 41. Rd5 Qe4 42. Kd1 Qh1+ 43. Kc2 Qe4 44. Rxb5 g4 45. hxg4 h3 0-1


[Site "https://www.chess.com"]

[Event "Titled Tuesday Blitz April 25 Early 2023"]
[White "Starozhilov, Leonid"]
[Black "Vestby-Ellingsen, Mads"]
[WhiteFideId "14106752"]
[BlackFideId "1520857"]
[WhiteElo "2352"]
[BlackElo "2246"]
[Result "1-0"]
[Round "09"]
[TimeControl "180+2"]
[Date "2023.04.25"]
[WhiteClock "0:00:09"]
[BlackClock "0:00:01"]

1. b3 a5 2. Bb2 a4 3. Nf3 h5 4. e3 h4 5. h3 e6 6. c4 Nf6 7. d3 d5 8. Be2 Bd6 9. Nbd2 a3 10. Bc3 Qe7 11. O-O e5 12. c5 Bxc5 13. Nxe5 Bd6 14. d4 Nbd7 15. f4 c6 16. Bf3 Nf8 17. Rc1 Bf5 18. Re1 Ne6 19. Qe2 g5 20. e4 Nxf4 21. Qe3 dxe4 22. Nxe4 Nxe4 23. Bxe4 Bxe4 24. Qxe4 Bxe5 25. Qf5 Ng6 26. dxe5 Qe6 27. Qxg5 Rg8 28. Rcd1 Ne7 29. Qxh4 Nd5 30. Bd2 Kd7 31. Bg5 Rg6 32. Bf6 Rag8 33. Rd2 Kc7 34. Red1 Ne3 35. Rd7+ Qxd7 36. Rxd7+ Kxd7 37. Qd4+ Nd5 38. g4 Rh6 39. Kg2 Kc8 40. Qa7 Kc7 41. Qa5+ Nb6 42. Be7 c5 43. Bxc5 Kc6 44. Qxb6+ Kd5 45. Qxh6 Kxe5 46. Qd6+ Ke4 47. Qe7+ Kd3 48. Qxf7 Ra8 49. Qf5+ Kd2 50. Qd5+ Kc1 51. Qxb7 Rh8 52. Bxa3+ Kb1 53. Qg7 1-0


[Site "https://www.chess.com"]

[Event "Titled Tuesday Blitz April 25 Early 2023"]
[White "Hirneise, Jens"]
[Black "Papasimakopoulos, Alexandros"]
[WhiteFideId "24614734"]
[BlackFideId "4244125"]
[WhiteElo "2345"]
[BlackElo "2359"]
[Result "0-1"]
[Round "09"]
[TimeControl "180+2"]
[Date "2023.04.25"]
[WhiteClock "0:00:39"]
[BlackClock "0:00:38"]

1. d4 a6 2. g3 Nf6 3. Bg2 d5 4. Nf3 Bf5 5. O-O e6 6. c4 c6 7. c5 Nbd7 8. Nc3 Ne4 9. Na4 e5 10. Nh4 Be6 11. dxe5 Nxe5 12. Be3 Nc4 13. Bd4 Be7 14. Nf3 O-O 15. b3 Na3 16. Nb6 Rb8 17. Be5 Bxc5 18. Bxb8 Qxb8 19. Na4 Ba7 20. e3 Nb5 21. Rc1 Qc8 22. Nd4 Nxd4 23. exd4 Bh3 24. Bxh3 Qxh3 25. Nc5 Bxc5 26. dxc5 h5 27. Qf3 Nd2 28. Qg2 Qxg2+ 29. Kxg2 Nxf1 30. Kxf1 Re8 31. Rd1 g6 32. Rd4 Re4 33. Rxe4 dxe4 34. Ke2 f5 35. Ke3 Kf7 36. Kf4 Kf6 37. h4 a5 38. a3 Ke6 39. Kg5 Kf7 40. b4 axb4 41. axb4 Kg7 42. Kf4 Kf6 43. f3 exf3 44. Kxf3 g5 45. Ke3 gxh4 46. gxh4 Ke5 47. Kf3 f4 0-1


[Site "https://www.chess.com"]

[Event "Titled Tuesday Blitz April 25 Early 2023"]
[White "Wagner, Dennis"]
[Black "Dixit, Nikhil"]
[WhiteFideId "24650684"]
[BlackFideId "5059534"]
[WhiteElo "2470"]
[BlackElo "2207"]
[Result "1/2-1/2"]
[Round "09"]
[TimeControl "180+2"]
[Date "2023.04.25"]
[WhiteClock "0:00:11"]
[BlackClock "0:00:43"]

1. d4 Nf6 2. Nf3 g6 3. g3 Bg7 4. Bg2 O-O 5. O-O d6 6. Nc3 d5 7. Bf4 c6 8. a4 a5 9. Re1 Bf5 10. h3 Ne4 11. g4 Nxc3 12. bxc3 Be4 13. Rb1 b6 14. Bf1 Bxf3 15. exf3 e6 16. Rb3 Nd7 17. Bd6 Re8 18. f4 Bf8 19. Bxf8 Rxf8 20. Qf3 Qf6 21. Kg2 Kg7 22. Qg3 Rh8 23. h4 h5 24. g5 Qd8 25. f5 gxf5 26. Qd6 Rc8 27. c4 Qc7 28. Rxe6 fxe6 29. Qe7+ Kg8 30. Qxe6+ Kg7 31. Qe7+ Kg8 32. Qe6+ Kg7 33. Qe7+ Kg8 34. Qe6+ 1/2-1/2


[Site "https://www.chess.com"]

[Event "Titled Tuesday Blitz April 25 Early 2023"]
[White "Nevednichy, Vladislav"]
[Black "Leenhouts, Koen"]
[WhiteFideId "1205730"]
[BlackFideId "1008439"]
[WhiteElo "2370"]
[BlackElo "2409"]
[Result "0-1"]
[Round "09"]
[TimeControl "180+2"]
[Date "2023.04.25"]
[WhiteClock "0:00:26"]
[BlackClock "0:00:17"]

1. d4 Nf6 2. Nf3 g6 3. Bg5 Bg7 4. Nbd2 d5 5. e3 O-O 6. Be2 c6 7. O-O Bg4 8. h3 Bxf3 9. Bxf3 Nbd7 10. Bf4 Re8 11. c4 e5 12. dxe5 Nxe5 13. cxd5 Nxf3+ 14. Qxf3 Nxd5 15. Nc4 Nxf4 16. Qxf4 Qe7 17. Rad1 Rad8 18. b3 Rd5 19. Qf3 Red8 20. g4 b5 21. Na5 Qc7 22. b4 Rxd1 23. Rxd1 Rxd1+ 24. Qxd1 c5 25. Qc2 c4 26. a3 Qd7 27. Kf1 Qd5 28. Ke2 h5 29. f3 hxg4 30. hxg4 Qd6 31. f4 Qd5 32. e4 Qd4 33. Nc6 Qg1 34. Kf3 c3 35. Na5 Qf1+ 36. Ke3 Qg1+ 37. Kf3 Bd4 38. Nb3 Qf1+ 39. Kg3 Qe1+ 40. Kg2 Qg1+ 41. Kf3 Qe3+ 42. Kg2 Bb6 43. f5 g5 44. Qd1 Qxe4+ 45. Qf3 Qc2+ 46. Kh3 Qxb3 47. f6 Qe6 48. Qxc3 Qe3+ 49. Qxe3 Bxe3 50. Kg3 Bc1 51. Kf3 Bxa3 52. Ke4 Bxb4 53. Kf5 Bd2 0-1


[Site "https://www.chess.com"]

[Event "Titled Tuesday Blitz April 25 Early 2023"]
[White "Kuzmin, Roman"]
[Black "Prohaszka, Peter"]
[WhiteFideId "44134932"]
[BlackFideId "726265"]
[WhiteElo "2192"]
[BlackElo "2626"]
[Result "0-1"]
[Round "09"]
[TimeControl "180+2"]
[Date "2023.04.25"]
[WhiteClock "0:00:01"]
[BlackClock "0:00:26"]

1. e4 c6 2. d4 d5 3. Nc3 dxe4 4. Nxe4 Nf6 5. Nxf6+ exf6 6. c3 Bd6 7. Bd3 O-O 8. Qc2 Re8+ 9. Ne2 h5 10. O-O h4 11. Bf4 Na6 12. h3 Nc7 13. Bxd6 Qxd6 14. Rfe1 Nd5 15. Rad1 Bd7 16. a3 Ne7 17. c4 g6 18. Qd2 Kg7 19. Qf4 Qxf4 20. Nxf4 Rad8 21. d5 cxd5 22. cxd5 Nc8 23. Rxe8 Bxe8 24. Kf1 Bd7 25. Rc1 Nd6 26. Rc7 f5 27. Ne6+ Bxe6 28. dxe6 Kf6 29. exf7 Nxf7 30. Ke2 Nd6 31. Rh7 g5 32. f4 gxf4 33. Rxh4 Ke5 34. Rh7 Re8 35. Kf3 Rg8 36. Re7+ Kf6 37. Rd7 Rg3+ 38. Ke2 Ke6 39. Rd8 Rxg2+ 40. Ke1 Rxb2 41. h4 Rh2 42. Rh8 f3 43. h5 Ne4 44. Re8+ Kd5 45. Bxe4+ fxe4 46. Rh8 e3 47. Rd8+ Kc4 48. Rc8+ Kb3 0-1


[Site "https://www.chess.com"]

[Event "Titled Tuesday Blitz April 25 Early 2023"]
[White "Souleidis, Georgios"]
[Black "Kubicka, Anna"]
[WhiteFideId "4206827"]
[BlackFideId "1152254"]
[WhiteElo "2401"]
[BlackElo "2144"]
[Result "1/2-1/2"]
[Round "09"]
[TimeControl "180+2"]
[Date "2023.04.25"]
[WhiteClock "0:00:06"]
[BlackClock "0:00:15"]

1. e4 c5 2. Be2 g6 3. d3 Bg7 4. f4 Nc6 5. Nf3 e6 6. O-O Nge7 7. c3 O-O 8. Be3 b6 9. d4 cxd4 10. cxd4 d5 11. e5 a5 12. Nc3 Ba6 13. Nb5 Nf5 14. Bf2 h5 15. Qd2 Qe7 16. Rfc1 Rfc8 17. a3 Bh6 18. g3 Bxb5 19. Bxb5 Na7 20. Bd3 Rxc1+ 21. Rxc1 Rc8 22. h3 Rxc1+ 23. Qxc1 h4 24. g4 Ng3 25. Bxg3 hxg3 26. Kg2 Qd7 27. Kxg3 b5 28. Qc3 Qd8 29. Qc5 Qb8 30. f5 gxf5 31. gxf5 b4 32. fxe6 fxe6 33. Qe7 Qf8 34. Qxe6+ Kh8 35. Qg6 Qg7 36. axb4 axb4 37. Nh4 Bc1 38. b3 Nc6 39. Qxg7+ Kxg7 40. Nf5+ Kf8 41. Kf3 Na5 42. Bc2 Bb2 43. Ke3 Nc6 44. Kd3 Kf7 45. h4 Ke6 46. Ke3 Bc1+ 47. Kf3 Bb2 48. Ng7+ Kf7 49. Nf5 Ke6 50. Ke3 Bc1+ 51. Ke2 Bb2 52. h5 Nxd4+ 53. Nxd4+ Bxd4 54. h6 Bxe5 55. h7 Bh8 56. Bd3 Ke5 57. Kf3 Kd4 58. Bg6 Kc3 59. Bf7 d4 60. Ke2 d3+ 61. Kd1 d2 62. Bc4 Bg7 63. Be6 Bh8 64. Bf7 Bg7 65. Bg8 Bh8 66. Bf7 Bg7 67. Be6 Bh8 68. Bg8 Bg7 69. Bf7 Bh8 70. Bg8 Bg7 71. Bf7 Bh8 1/2-1/2


[Site "https://www.chess.com"]

[Event "Titled Tuesday Blitz April 25 Early 2023"]
[White "Borgaonkar Akshay"]
[Black "Bilan, Danila"]
[WhiteFideId "25639110"]
[BlackFideId "24161918"]
[WhiteElo "2063"]
[BlackElo "2182"]
[Result "1-0"]
[Round "09"]
[TimeControl "180+2"]
[Date "2023.04.25"]
[WhiteClock "0:01:03"]
[BlackClock "0:00:04"]

1. Nf3 d5 2. b3 Nf6 3. Bb2 c5 4. e3 Nc6 5. Bb5 Qb6 6. a4 Bd7 7. O-O a6 8. Bxc6 Bxc6 9. Bxf6 gxf6 10. d4 e6 11. Nbd2 Bd6 12. c4 f5 13. cxd5 Bxd5 14. Nc4 Bxc4 15. bxc4 O-O 16. Ng5 h6 17. Nh3 Qc7 18. f4 cxd4 19. exd4 Qxc4 20. Qh5 Qxd4+ 21. Kh1 Qf6 22. Rad1 Rad8 23. Rf3 Be7 24. Rg3+ Kh8 25. Rf1 Rg8 26. Ng5 Rxg5 27. fxg5 Qg6 28. Qxg6 fxg6 29. gxh6 Kh7 30. Re3 Rd6 31. Rfe1 Bg5 32. Rxe6 Rd4 33. Rb6 Rxa4 34. Rxb7+ Kxh6 35. Rb6 Bf4 36. g3 Bc7 37. Rc6 Ba5 38. Rxa6 Bxe1 39. Rxa4 Bd2 40. Kg2 Bg5 41. Ra6 Be7 42. Kf3 Bg5 43. h4 Be7 44. Kf4 Bd8 45. Rc6 Be7 46. Ke5 Ba3 47. Ke6 Kh5 48. Kf7 Kg4 49. Rxg6+ Kf3 50. h5 Bc1 51. Kf6 f4 52. gxf4 Bxf4 53. h6 Ke4 54. h7 Kd4 55. Rg4 1-0


[Site "https://www.chess.com"]

[Event "Titled Tuesday Blitz April 25 Early 2023"]
[White "Nikologorskiy, Konstantin"]
[Black "Salman, Pavel"]
[WhiteFideId "24111708"]
[BlackFideId "24153753"]
[WhiteElo "2293"]
[BlackElo "2187"]
[Result "0-1"]
[Round "09"]
[TimeControl "180+2"]
[Date "2023.04.25"]
[WhiteClock "0:00:03"]
[BlackClock "0:00:11"]

1. d4 Nf6 2. c4 c5 3. d5 b5 4. cxb5 a6 5. b6 e6 6. Nc3 Nxd5 7. Nxd5 exd5 8. Qxd5 Nc6 9. Nf3 Rb8 10. Ne5 Qf6 11. Nxc6 dxc6 12. Qd3 Bd6 13. e4 O-O 14. Be2 Rd8 15. Qc2 Qg6 16. Bf3 Rxb6 17. Be3 Bg4 18. O-O-O Bxf3 19. gxf3 Rdb8 20. b3 Qf6 21. Kb1 Qxf3 22. Rhg1 Be5 23. Rg5 Qf6 24. f4 Bd4 25. Rf5 Qe6 26. Bxd4 cxd4 27. Rxd4 g6 28. Re5 Qf6 29. Qd2 Kg7 30. Rc5 h5 31. Kc2 Re8 32. Qc3 Kh7 33. e5 Qf5+ 34. Qd3 Qg4 35. Rd7 Kg8 36. Rc4 Rbb8 37. Rcd4 c5 38. Rc4 Rbc8 39. Qd5 Qf5+ 40. Qe4 Qxd7 41. Rc3 Qf5 42. Qxf5 gxf5 43. Rg3+ Kf8 44. Kc3 Red8 45. Rg5 Ke7 46. Rxh5 Rh8 47. Rxf5 Rxh2 48. Rf6 Rxa2 49. Rb6 Rf2 50. Rb7+ Kf8 51. Rb6 Rxf4 52. Rxa6 Rf3+ 53. Kc4 Re3 54. Kd5 Rd8+ 55. Kxc5 Rxe5+ 56. Kc4 Rc8+ 57. Kd4 Rb5 58. Ra3 Rcb8 59. Kc4 Rb4+ 60. Kc3 Ke7 61. Ra7+ R8b7 62. Ra3 f5 63. Ra5 Rxb3+ 64. Kd4 R3b5 65. Ra8 Kf6 66. Ke3 Rb3+ 67. Kd4 Rd7+ 68. Kc5 Rbd3 69. Kc4 R3d4+ 70. Kc5 Re4 71. Kc6 Rde7 72. Kd6 Kg5 73. Kd5 Kf4 74. Rh8 Rd7+ 75. Kc5 Rd1 76. Rh4+ Ke3 77. Rh3+ Ke2 78. Rh2+ Kd3 79. Rh3+ Re3 80. Rh4 Rf1 81. Rd4+ Ke2 82. Rh4 f4 83. Kd4 f3 84. Rh8 Rd1+ 85. Kc4 f2 86. Rh2 Ke1 87. Kb4 f1=Q 88. Rc2 Rb1+ 89. Ka4 Qb5# 0-1


[Site "https://www.chess.com"]

[Event "Titled Tuesday Blitz April 25 Early 2023"]
[White "Tokman, Ariel"]
[Black "Bruedigam, Martin"]
[WhiteFideId "117420"]
[BlackFideId "24608033"]
[WhiteElo "2263"]
[BlackElo "2331"]
[Result "0-1"]
[Round "09"]
[TimeControl "180+2"]
[Date "2023.04.25"]
[WhiteClock "0:00:04"]
[BlackClock "0:00:38"]

1. e4 c6 2. d4 d5 3. Nd2 dxe4 4. Nxe4 Bf5 5. Ng3 Bg6 6. h4 h6 7. h5 Bh7 8. c3 Nd7 9. Bd3 Bxd3 10. Qxd3 Ngf6 11. Nf3 e6 12. Bd2 Be7 13. O-O-O a5 14. Kb1 a4 15. a3 b5 16. Bc1 O-O 17. Ne4 Nxe4 18. Qxe4 Nf6 19. Qxc6 Rb8 20. Ne5 Nd5 21. Nd7 Rc8 22. Qxb5 Re8 23. c4 Nc7 24. Qc6 Bxa3 25. bxa3 Nd5 26. cxd5 Rxc6 27. dxc6 Qc7 28. Ne5 f6 29. Nd3 Qxc6 30. Nb4 Qxg2 31. Rhg1 Qe4+ 32. Ka1 Kh8 33. Bb2 Qf5 34. Rge1 Rd8 35. Nc6 Rd7 36. Nb4 Rd6 37. f4 Qxh5 38. Rd2 Qh4 39. Rde2 Qxf4 40. Rxe6 Rxe6 41. Rxe6 Qf1+ 0-1


[Site "https://www.chess.com"]

[Event "Titled Tuesday Blitz April 25 Early 2023"]
[White "TartineDeNutella"]
[Black "Rios Escobar, Adan"]
[BlackFideId "3403645"]
[WhiteElo "2628"]
[BlackElo "2507"]
[Result "1-0"]
[Round "09"]
[TimeControl "180+2"]
[Date "2023.04.25"]
[WhiteClock "0:00:54"]
[BlackClock "0:00:13"]

1. d4 Nf6 2. c4 g6 3. f3 Bg7 4. e4 d6 5. Nc3 O-O 6. Be3 a6 7. Nge2 Nc6 8. Qd2 Na5 9. Ng3 b5 10. cxb5 axb5 11. Bxb5 Nb3 12. Qd1 Nxa1 13. Qxa1 Ba6 14. Bxa6 Rxa6 15. O-O Nd7 16. Nge2 c5 17. Rd1 cxd4 18. Bxd4 Bxd4+ 19. Rxd4 Qb6 20. Kh1 Rb8 21. Rd2 Nc5 22. Qd1 Qa7 23. b3 h5 24. h4 e6 25. g3 Qe7 26. Kg2 Rba8 27. Nd4 Qb7 28. Ndb5 d5 29. exd5 exd5 30. a4 d4 31. Rxd4 Rf6 32. Nd5 Rf5 33. Nd6 Qxb3 34. Nxf5 gxf5 35. Qd2 Ne6 36. Qh6 1-0


[Site "https://www.chess.com"]

[Event "Titled Tuesday Blitz April 25 Early 2023"]
[White "Akylbek2021"]
[Black "Mamedov, Edgar"]
[BlackFideId "13739980"]
[WhiteElo "2491"]
[BlackElo "2330"]
[Result "0-1"]
[Round "09"]
[TimeControl "180+2"]
[Date "2023.04.25"]
[WhiteClock "0:00:04"]
[BlackClock "0:00:05"]

1. Nf3 d5 2. g3 c6 3. Bg2 Nf6 4. O-O Bf5 5. d3 e6 6. Nbd2 h6 7. b3 Nbd7 8. Bb2 a5 9. a3 Be7 10. c4 O-O 11. Qc2 Nc5 12. Rfe1 Bh7 13. Ne5 Nfd7 14. Nxd7 Qxd7 15. Rad1 b5 16. e4 dxc4 17. dxc4 Qd3 18. Rc1 Qxc2 19. Rxc2 Nd3 20. Rd1 Nxb2 21. Rxb2 Bxa3 22. Rc2 Rfd8 23. Ra1 Bb4 24. Nf1 a4 25. cxb5 axb3 26. Rxa8 Rxa8 27. Rb2 cxb5 28. Rxb3 Ra4 29. Ne3 Bf8 30. Rxb5 Bxe4 31. Bxe4 Rxe4 32. Kg2 g5 33. Kf3 Ra4 34. Ng4 Bg7 35. Rb8+ Kh7 36. Rb7 Kg6 37. Ne3 h5 38. h3 Ra2 39. g4 h4 40. Rb6 Bd4 41. Rb7 Bc3 42. Rc7 Be5 43. Rd7 Ra1 44. Nc4 Bf4 45. Ne3 Rh1 46. Kg2 Rh2+ 47. Kf3 Bxe3 48. Kxe3 Rxh3+ 49. f3 Rh1 50. Rd2 Re1+ 51. Kf2 Ra1 52. Kg2 f5 53. Rd6 Kf6 54. Rc6 fxg4 55. fxg4 Ra4 56. Kh3 Ra3+ 57. Kh2 Rg3 58. Rc4 Rf3 59. Rc2 Ke5 60. Re2+ Kf4 61. Rxe6 Kxg4 62. Re4+ Rf4 63. Re2 Kh5 64. Kh3 Rf3+ 65. Kg2 Rg3+ 66. Kh2 Ra3 67. Rf2 g4 68. Rf5+ Kg6 69. Rb5 Ra2+ 70. Kg1 Re2 71. Rb4 Kf5 72. Rb5+ Kf4 73. Rb4+ Kf3 74. Rb3+ Re3 75. Rb1 g3 76. Rf1+ Kg4 77. Rb1 h3 78. Rb4+ Kf3 79. Rb1 Ke2 80. Rb2+ Kd3 81. Rb3+ Kd2 82. Rb2+ Kc1 0-1


[Site "https://www.chess.com"]

[Event "Titled Tuesday Blitz April 25 Early 2023"]
[White "Sielecki, Christof"]
[Black "Santos Flores, Alberto"]
[WhiteFideId "4620437"]
[BlackFideId "3601234"]
[WhiteElo "2443"]
[BlackElo "2235"]
[Result "0-1"]
[Round "09"]
[TimeControl "180+2"]
[Date "2023.04.25"]
[WhiteClock "0:00:01"]
[BlackClock "0:00:26"]

1. e4 c5 2. Nf3 Nc6 3. Bb5 g6 4. O-O Bg7 5. Re1 Nf6 6. c3 O-O 7. d4 cxd4 8. cxd4 d5 9. e5 Ne4 10. Be3 Bg4 11. h3 Bxf3 12. gxf3 Qd7 13. fxe4 Qxh3 14. exd5 Nxe5 15. dxe5 Bxe5 16. f4 Qg3+ 17. Kf1 Bxb2 18. Nd2 Bxa1 19. Qxa1 Rac8 20. Bd3 Rfd8 21. Be4 f5 22. Bf3 Rc2 23. Qe5 Rxd2 24. Bxd2 Qxf3+ 25. Kg1 Qxd5 26. Bc3 Qxe5 27. Bxe5 Kf7 28. Rc1 Rd2 29. a4 g5 30. fxg5 Rd5 31. Bb8 Ra5 32. Rc7 Rxa4 33. Rxb7 a5 34. Bd6 Re4 35. Bc5 a4 36. Kf2 Kg6 37. Bxe7 a3 38. Bxa3 Kxg5 39. Bc1+ Kg6 40. Rb6+ Kf7 0-1


[Site "https://www.chess.com"]

[Event "Titled Tuesday Blitz April 25 Early 2023"]
[White "Staudenhocker43"]
[Black "Schnaider, Ilan"]
[BlackFideId "169013"]
[WhiteElo "2484"]
[BlackElo "2224"]
[Result "1-0"]
[Round "09"]
[TimeControl "180+2"]
[Date "2023.04.25"]
[WhiteClock "0:00:37"]
[BlackClock "0:00:01"]

1. d4 Nf6 2. c4 g6 3. Nc3 d5 4. Nf3 Bg7 5. Qb3 dxc4 6. Qxc4 O-O 7. e4 Nc6 8. Be2 Bg4 9. Be3 e5 10. Nxe5 Bxe2 11. Kxe2 Nxe5 12. dxe5 Nd7 13. f4 Qh4 14. Qxc7 Rad8 15. Rad1 Bh6 16. g3 Qh3 17. Kf2 g5 18. f5 Nxe5 19. Qxe5 Rxd1 20. Nxd1 Rc8 21. Bd4 Rc2+ 22. Ke1 Kf8 23. Qb8+ Ke7 24. Qxb7+ Kf8 25. Qa8+ Ke7 26. Qxa7+ Ke8 27. Qa4+ Rc6 28. Qxc6+ Kf8 29. Bc5+ Kg7 30. Bd4+ Kf8 31. Qd6+ Kg8 32. Qd8+ Bf8 33. Bc5 Kg7 34. Qxf8+ Kf6 35. Bd4# 1-0


[Site "https://www.chess.com"]

[Event "Titled Tuesday Blitz April 25 Early 2023"]
[White "Brunner, Nicolas"]
[Black "Goldin, Roman"]
[WhiteFideId "620246"]
[BlackFideId "2803860"]
[WhiteElo "2327"]
[BlackElo "2312"]
[Result "1/2-1/2"]
[Round "09"]
[TimeControl "180+2"]
[Date "2023.04.25"]
[WhiteClock "0:00:14"]
[BlackClock "0:00:03"]

1. Nf3 Nf6 2. g3 b5 3. Bg2 Bb7 4. O-O c5 5. d3 d6 6. c4 bxc4 7. dxc4 g6 8. b3 Bg7 9. Bb2 O-O 10. Nc3 Nc6 11. Qd2 Rb8 12. Rad1 Qc8 13. Rfe1 Rd8 14. h3 a6 15. Qc1 h6 16. Qa1 e5 17. e3 Nb4 18. Re2 Bxf3 19. Bxf3 Qxh3 20. a3 Ng4 21. axb4 cxb4 22. Nd5 Qh2+ 23. Kf1 e4 24. Bxe4 Re8 25. Bg2 Be5 26. Bxe5 Rxe5 27. Nf4 Rbe8 28. Rxd6 h5 29. Rd5 Rxe3 30. fxe3 Qxg3 31. Qd4 Nh2+ 32. Kg1 Nf3+ 33. Kf1 Nh2+ 34. Kg1 Nf3+ 35. Kf1 Nh2+ 1/2-1/2


[Site "https://www.chess.com"]

[Event "Titled Tuesday Blitz April 25 Early 2023"]
[White "Shuvalov, Evgenij"]
[Black "Janaszak, Dawid"]
[WhiteFideId "4187237"]
[BlackFideId "1119206"]
[WhiteElo "2080"]
[BlackElo "2220"]
[Result "0-1"]
[Round "09"]
[TimeControl "180+2"]
[Date "2023.04.25"]
[WhiteClock "0:00:35"]
[BlackClock "0:00:06"]

1. d4 Nf6 2. c4 c5 3. Nf3 cxd4 4. Nxd4 e6 5. a3 d5 6. cxd5 exd5 7. Nc3 Nc6 8. Bg5 Bc5 9. e3 O-O 10. Be2 h6 11. Bh4 Nxd4 12. exd4 Be7 13. O-O Be6 14. Bf3 Rc8 15. Re1 Qb6 16. Re2 Rfe8 17. Qa4 g5 18. Bg3 g4 19. Rxe6 fxe6 20. Be2 Qxb2 21. Rb1 Qxc3 22. Rxb7 Qc1+ 23. Bf1 Ne4 24. Qa6 Rc6 25. Qb5 Nd2 26. Bf4 Qxf1+ 27. Qxf1 Nxf1 28. Kxf1 Ra6 29. Bxh6 Rxa3 30. Be3 a5 31. Ra7 a4 32. g3 Ra1+ 33. Kg2 a3 34. h3 gxh3+ 35. Kxh3 Bf8 36. Kg4 Re7 37. Ra8 Rg7+ 38. Kf3 Rf7+ 39. Kg4 Rb1 40. Bf4 Rb2 41. f3 a2 42. Be5 Re2 43. f4 Kh7 44. Kf3 Rc2 45. g4 Bg7 46. Ke3 Bxe5 47. dxe5 Rb7 48. f5 exf5 49. gxf5 Rb1 50. Ra7+ Kh6 51. Kd4 a1=Q+ 52. Rxa1 Rxa1 53. Kxd5 Rd2+ 54. Ke6 Ra6+ 55. Ke7 Rb2 56. e6 Rb7+ 57. Kf6 Raa7 58. Ke5 Rb5+ 59. Kf6 Raa5 60. e7 Rxf5+ 61. Ke6 Rae5+ 62. Kd6 Re1 63. Kd7 Rf7 64. Kd8 Rexe7 65. Kc8 Re8# 0-1


[Site "https://www.chess.com"]

[Event "Titled Tuesday Blitz April 25 Early 2023"]
[White "Khamdamova, Afruza"]
[Black "Ashraf, Artin"]
[WhiteFideId "14210444"]
[BlackFideId "22514805"]
[WhiteElo "2210"]
[BlackElo "2188"]
[Result "0-1"]
[Round "09"]
[TimeControl "180+2"]
[Date "2023.04.25"]
[WhiteClock "0:00:00"]
[BlackClock "0:00:03"]

1. e4 e5 2. Nf3 Nc6 3. Bc4 Bc5 4. O-O Nf6 5. Nc3 O-O 6. d3 h6 7. h3 a6 8. a3 d6 9. b4 Ba7 10. Nd5 Nxd5 11. Bxd5 Ne7 12. Bb3 Ng6 13. Be3 Qf6 14. c4 Nf4 15. Bxf4 Qxf4 16. Nh2 g6 17. Qf3 Qg5 18. Rac1 Be6 19. Kh1 a5 20. Ng4 h5 21. Ne3 axb4 22. axb4 c6 23. Rb1 f5 24. exf5 gxf5 25. c5 d5 26. Rfe1 Bb8 27. d4 e4 28. Qe2 f4 29. Nf1 f3 30. gxf3 Rxf3 31. Ng3 h4 32. Rg1 hxg3 33. fxg3 Bxg3 0-1


[Site "https://www.chess.com"]